 Dungeon Crawl Stone Soup version 0.31.0-7-gf635a9b802 (webtiles) character file.

Game seed: 11047873487235593349

42 raph the Digger (level 3, 0/19 HPs)
             Began as a Deep Elf Earth Elementalist on Jan 23, 2024.
             Slain by an adder (4 damage)
             ... on level 2 of the Dungeon.
             The game lasted 00:02:34 (1061 turns).

raph the Digger (Deep Elf Earth Elementalist)       Turns: 1061, Time: 00:02:35

Health: 0/19       AC:  2    Str:  5    XL:     3   Next: 35%
Magic:  3/10       EV: 13    Int: 21    God:
Gold:   22         SH:  0    Dex: 15    Spells: 1/9 levels left

rFire   . . .        f - +2 dagger (venom)
rCold   . . .        (no shield)
rNeg    . . .        a - +0 robe
rPois   .            (no helmet)
rElec   .            (no cloak)
rCorr   .            (no gloves)
SInv    .            (no boots)
Will    .....        (no amulet)
Stlth   ++           (no ring)
HPRegen 0.23/turn    (no ring)
MPRegen 0.12/turn

%: no passive effects
@: lethally poisoned (0 -> -1)
A: no striking features
a: no special abilities


You were on level 2 of the Dungeon.
You visited 1 branch of the dungeon, and saw 2 of its levels.

You collected 22 gold pieces.

Inventory:

Hand Weapons
 d - a +0 short sword
 e - a +0 dagger of electrocution
 f - a +2 dagger of venom (weapon)
Missiles
 g - 3 poisoned darts
Armour
 a - a +0 robe (worn)
Potions
 b - a potion of magic
 i - a potion of attraction {unknown}
 j - a potion of haste {unknown}


   Skills:
 + Level 3.0 Dodging
 - Level 2.4 Stealth
 + Level 3.5 Spellcasting
 * Level 1.7 Conjurations
 + Level 0.2 Fire Magic
 * Level 4.0 Earth Magic


You had one spell level left.
You knew the following spells:

 Your Spells              Type           Power      Damage    Failure   Level
a - Sandblast             Erth           40%        2d10      2%          1
b - Foxfire               Conj/Fire      28%        2x1d5     9%          1
c - Passwall              Erth           20%        N/A       7%          3
d - Stone Arrow           Conj/Erth      30%        3d8       12%         3

Your spell library contained the following spells:

 Spells                   Type           Power      Damage    Failure   Level
 Brom's Barrelling Bould  Conj/Erth      15%        2d4       36%         4
 Petrify                  Alch/Erth      12%        N/A       50%         4
 Plasma Beam              Fire/Air       2%         2x1d12    100%        6
 Starburst                Conj/Fire      3%         6d3       100%        6


Dungeon Overview and Level Annotations

Branches:
Dungeon (2/15)

Altars:


Message History

Aiming: Sandblast (safe; 2% risk of failure)
Press: ? - help, Q - select action, (/) - cycle Shift-Dir - straight line, f/p - jackal
Aim: a jackal (almost dead, 79% to hit)
The blast of sand hits the jackal!
You kill the jackal!
An adder comes into view.
The jackal bites you.
Aiming: Sandblast (safe; 2% risk of failure)
Press: ? - help, Q - select action, (/) - cycle Shift-Dir - straight line, f - jackal
Aim: a jackal (79% to hit)
The blast of sand misses the jackal.
The adder hisses angrily.
The jackal bites you. The jackal completely misses you.
Aiming: Sandblast (safe; 2% risk of failure)
Press: ? - help, Q - select action, (/) - cycle Shift-Dir - straight line, f/p - jackal
Aim: a jackal (79% to hit)
The blast of sand misses the jackal.
The blast of sand hits the adder!
The adder is severely wounded.
The jackal bites you. The jackal barely misses you.
Aiming: Sandblast (safe; 2% risk of failure)
Press: ? - help, Q - select action, (/) - cycle Shift-Dir - straight line, f/p - jackal
Aim: a jackal (79% to hit)
The blast of sand hits the jackal.
You kill the jackal!
The adder misses you.
You closely miss the adder.
The adder is severely wounded.
The adder bites you.
You are poisoned.
The adder poisons you! The adder misses you.
You miss the adder.
The adder is severely wounded.
You feel sick. The adder bites you but does no damage.
Aiming: Sandblast (safe; 2% risk of failure)
Press: ? - help, Q - select action, (/) - cycle Shift-Dir - straight line, f - adder
Aim: an adder (severely wounded, 72% to hit)
The blast of sand hits the adder.
The adder is almost dead.
You feel sick. The adder bites you.
You die...

#.# #.## .# #..#
.# ##.# .# #.#
.# #.# )# #.# .#
#.#######.######
#.....@S......<.
##.#############
#.# #.# #.# #.#
#.# #..


You could see an adder.

Vanquished Creatures
  2 dart slugs (D:1)
  6 bats
  A giant cockroach (D:1)
  5 goblins
  4 hobgoblins
  5 jackals
  A quokka (D:1)
  4 ball pythons (D:1)
  3 frilled lizards
  4 kobolds (D:1)
  2 rats (D:1)
37 creatures vanquished.

Vanquished Creatures (others)
  19 foxfires
19 creatures vanquished.

Grand Total: 56 creatures vanquished

Notes
Turn   | Place    | Note
-------+----------+-------------------------------------------
     0 | D:1      | raph the Deep Elf Earth Elementalist began the quest for
                  | the Orb.
     0 | D:1      | Reached XP level 1. HP: 10/10 MP: 6/6
   169 | D:1      | Reached XP level 2. HP: 15/15 MP: 5/8
   610 | D:1      | Found a faded altar of an unknown god.
   615 | D:1      | Learned a level 1 spell: Foxfire
   681 | D:1      | Reached XP level 3. HP: 19/19 MP: 7/9
   685 | D:1      | Learned a level 3 spell: Passwall
   689 | D:1      | Learned a level 3 spell: Stone Arrow
   971 | D:2      | Reached skill level 4 in Earth Magic
  1061 | D:2      | Slain by an adder

Illustrated notes

Levels and vault maps discovered:
D:1:      dpeg_arrival_rhombus, layout_basic, hellmonk_ecumenical_altar_zigzags
D:2:      layout_loops_ring, basic_altar, corexii_corridor_pit

Skill      XL: |  1  2  3 |
---------------+----------+-----
Earth Magic    | 4 |  4.0
Dodging        | 3 |  3.0
Stealth        | |  2.4
Spellcasting   | |  3.5
Conjurations   | |  1.7
Fire Magic     | |  0.2

Action                     || total
---------------------------++-------
  Melee: Short sword       ||     2
         Dagger            ||     5
   Cast: Sandblast         ||    42
         Foxfire           ||    10
         Stone Arrow       ||     1
    Use: Scroll            ||     3
 Armour: Robe              ||    23
  Dodge: Dodged            ||    19
